 Dungeon Crawl Stone Soup version 0.29-a0-384-g6960b1960d (webtiles) character file.

Game seed: 14166675015419795039

7 NinjaNoafa the Skirmisher (level 1, 0/18 HPs)
             Began as a Demonspawn Monk on May 6, 2022.
             Slain by a quokka (5 damage)
             ... on level 1 of the Dungeon.
             The game lasted 00:00:54 (299 turns).

NinjaNoafa the Skirmisher (Demonspawn Monk)          Turns: 299, Time: 00:00:55

Health: 0/18       AC:  2    Str: 11    XL:     1   Next: 91%
Magic:  1/1        EV: 13    Int: 11    God:
Gold:   11         SH:  0    Dex: 15    Spells: 0/0 levels left

rFire   . . .      SeeInvis .   d - +0 dagger
rCold   . . .      Faith    .   (no shield)
rNeg    . . .      Spirit   .   b - +0 robe
rPois   .          Reflect  .   (no helmet)
rElec   .          Harm     .   (no cloak)
rCorr   .          Rampage  .   (no gloves)
Will    .....                   (no boots)
Stlth   ++........              (no amulet)
HPRegen 0.06/turn               (no ring)
MPRegen 0.07/turn               (no ring)

@: no status effects
A: no striking features
a: no special abilities


You were on level 1 of the Dungeon.
You visited 1 branch of the dungeon, and saw 1 of its levels.

You collected 11 gold pieces.

Inventory:

Hand Weapons
 d - a +0 dagger (weapon)
Armour
 b - a +0 robe (worn)
Scrolls
 a - a scroll of enchant weapon {unknown}
Potions
 c - a potion of ambrosia


   Skills:
 + Level 3.1 Fighting
 * Level 0.4 Short Blades
 - Level 2.6 Axes
 + Level 2.8 Dodging
 * Level 2.0 Stealth


You couldn't memorise any spells.
You didn't know any spells.
Your spell library was empty.

Dungeon Overview and Level Annotations

Branches:
Dungeon (1/15)

Altars:


Message History

You hit the quokka but do no damage. The quokka closely misses you.
You closely miss the quokka. The quokka barely misses you.
You hit the ball python.
The ball python is moderately wounded.
The quokka closely misses you.
The ball python bites you but does no damage.
The ball python grabs you. The ball python constricts you.
The quokka closely misses you.
You barely miss the ball python.
The ball python is moderately wounded.
The ball python completely misses you. The ball python constricts you.
The quokka bites you.
You hit the ball python but do no damage.
The ball python is moderately wounded.
The ball python barely misses you. The ball python constricts you.
The quokka bites you.
You hit the ball python.
You kill the ball python!
The quokka bites you.
You hit the ball python.
You kill the ball python!
The quokka closely misses you.
You barely miss the quokka. The quokka misses you.
The quokka completely misses you.
You hit the quokka but do no damage. The quokka bites you.
You are too injured to fight recklessly!
You closely miss the quokka. The quokka bites you.
* * * LOW HITPOINT WARNING * * *
You hit the quokka.
The quokka is moderately wounded.
The quokka barely misses you.
You closely miss the quokka.
The quokka is lightly wounded.
The quokka bites you.
* * * LOW HITPOINT WARNING * * *
You miss the quokka. The quokka closely misses you. The quokka misses you.
You hit the quokka.
The quokka is lightly wounded.
The quokka bites you.
You die...

#...#... .......
...... ###.... ###
#...... #...
##########......
#..###..........#.##.
##.†#..#........#..#.
#..r@###.....>####.#.
#...#.# #......# .#.
..... ### #......#
.## #._. #......# ..
... #......# #. ..
#......# . #......#
#.......


You could see a quokka.

Vanquished Creatures
  An endoplasm (D:1)
  A kobold (D:1)
  4 ball pythons (D:1)
  A bat (D:1)
7 creatures vanquished.

Notes
Turn   | Place    | Note
-------+----------+-------------------------------------------
     0 | D:1      | NinjaNoafa the Demonspawn Monk began the quest for the Orb.
     0 | D:1      | Reached XP level 1. HP: 18/18 MP: 1/1
   283 | D:1      | Found a faded altar of an unknown god.
   299 | D:1      | Slain by a quokka

Illustrated notes

Levels and vault maps discovered:
D:1:      minmay_arrival_split_and_join, layout_rooms,
          nicolae_ecumenical_snake_handling

Skill      XL: |  1 |
---------------+----+-----
Stealth        | 2 |  2.0
Fighting       | |  3.1
Short Blades   | |  0.4
Axes           | |  2.6
Dodging        | |  2.8

Action                   || total
-------------------------++-------
Melee: Dagger            ||    21
       Hand axe          ||    11
       Punch             ||     1
 Stab: Sleeping          ||     1
Armor: Robe              ||    11
Dodge: Dodged            ||    26

Table legend: (Time is in decaauts)
 A = Elapsed time spent in this place.
 B = Non-inter-level travel time spent in this place.
 C = Inter-level travel time spent in this place.
 D = Time resting spent in this place.
 E = Time spent auto-exploring this place.
 F = Levels seen in this place.
 G = Mean time per level.
                   A        B        C        D        E       F      G
               +--------+--------+--------+--------+--------+-----+--------+
         Total |    300 |    300 |      0 |      0 |    220 |   1 |  300.0 |
       Dungeon |    300 |    300 |      0 |      0 |    220 |   1 |  300.0 |
               +--------+--------+--------+--------+--------+-----+--------+

Top non-repeatable levels by time:
     D:1: 300 daAuts
